Cogmind - Beta 15 @@@ ROGUE MODE // 2025.09.24 @ 22:07:46 Player: cottonman132 Result: Destroyed by FN-VDZ(R) with Subdweller Laser Performance ------------- Evolutions (0) 0 Regions Visited (2) 400 Robots Destroyed (26) 130 Value Destroyed (451) 451 Prototype IDs (0) 0 Alien Tech Used (0) 0 Bonus (0) 0 TOTAL SCORE: 981 Bonus ------- None Cogmind --------- Core Integrity 0/250 Matter 272/300 Energy 125/125 System Corruption 0% Temperature Cool (6) Movement Walking (120) Location -10/Subcaves Parts ------- > --- POWER (1) -------- Light Ion Engine > --- PROPULSION (2) --- Aluminum Leg Aluminum Leg > --- UTILITY (2) ------ Small Storage Unit Targeting Computer > --- WEAPON (2) ------- Battle Rifle Subdweller Machine Gun > --- INVENTORY (8) ---- Light Nuclear Core Large Storage Unit High-capacity Storage Unit Hammer Peak State ------------ > --- POWER ------------ Light Ion Engine > --- PROPULSION ------- Aluminum Leg Aluminum Leg > --- UTILITY ---------- Small Storage Unit Targeting Computer > --- WEAPON ----------- Battle Rifle Subdweller Machine Gun > --- INVENTORY -------- Light Nuclear Core Large Storage Unit High-capacity Storage Unit Light Assault Rifle Light Assault Rifle Hammer [Rating: 9] Favorites ----------- Power Ion Engine Engine Ion Engine Propulsion Compact Wheel Leg Aluminum Leg Wheel Compact Wheel Utility Small Storage Unit Device Seismic Detector Storage Small Storage Unit Processor Targeting Computer Weapon Assault Rifle Energy Cannon Beam Cannon Ballistic Gun Assault Rifle Build | -11 -10 -10 ------- Run | Yrd Mat Sub Slots Evolved . | . . . Power . | . . . Propulsion . | . . . Utility . | . . . Weapon . | . . . Parts Attached 23 | 9 11 3 Power 3 | 1 1 1 Engine 3 | 1 1 1 Core . | . . . Reactor . | . . . Propulsion 9 | 4 5 . Treads . | . . . Leg 2 | 2 . . Wheel 7 | 2 5 . Hover . | . . . Flight . | . . . Utility 3 | 2 1 . Device 1 | 1 . . Storage 1 | 1 . . Processor 1 | . 1 . Hackware . | . . . Protection . | . . . Artifact . | . . . Weapon 8 | 2 4 2 Energy Gun . | . . . Energy Cannon 1 | . 1 . Ballistic Gun 7 | 2 3 2 Ballistic Cannon . | . . . Launcher . | . . . Special Weapon . | . . . Impact Weapon . | . . . Slashing Weapon . | . . . Piercing Weapon . | . . . Special Melee Weapon . | . . . Unidentified Prototypes . | . . . Parts Lost 6 | . 5 1 Power 1 | . . 1 Propulsion 2 | . 2 . Utility . | . . . Weapon 3 | . 3 . Highest Loss Streak 2 | . 2 1 To Critical Strikes 1 | . . 1 Average Backups 6 | 2 6 6 Power 1 | . 1 1 Propulsion 1 | 1 2 1 Utility 1 | . 1 2 Weapon 1 | . 1 1 Tool/Special . | . . . Unused Backups 7 | 2 1 4 Power 1 | . . 1 Propulsion 2 | 2 . . Utility 2 | . . 2 Weapon 2 | . 1 1 Tool/Special . | . . . Average Slot Usage (%) 96 | . 96 97 Engine 13 | . 14 11 Leg 1 | . . 7 Wheel 25 | . 26 20 Device 8 | . 9 . Storage 14 | . 14 14 Processor 5 | . 4 14 Energy Cannon 2 | . 2 . Ballistic Gun 23 | . 22 28 Peak Build Rating 9 | 7 8 9 Average Rating 6 | 4 7 7 On Entrance 4 | . 7 7 Naked Turns . | . . . Heaviest Build 16 | 15 16 14 Greatest Support 32 | 20 32 32 Greatest Overweight (x) 1 | . 1 . Average Overweight (x) . | . . . Largest Inventory Capacity 8 | 8 8 8 Average Capacity 7 | 7 8 8 Most Carried 8 | 5 8 7 Average Carried 6 | 2 6 6 Final Capacity 8 | 8 8 8 Final Carried 7 | 4 7 4 Class Distribution -------------------- 100% | Mutant Dominant Class ---------------- Mutant | -10/Materials Mutant | -10/Subcaves Resources | -11 -10 -10 ----------- Run | Yrd Mat Sub Matter Collected 806 | 292 465 49 Remotely . | . . . Salvage Created 781 | 149 583 49 Parts 57 | 11 43 3 Haulers Intercepted 2 | . 2 . Recyclers Shooed 2 | 1 1 . Parts Field Recycled . | . . . Retrieved Matter . | . . . Parts Self-Destructed . | . . . Prevented . | . . . Kills | -11 -10 -10 ------- Run | Yrd Mat Sub Combat Hostiles Destroyed 17 | . 16 1 Guns 14 | . 13 1 Cannons 3 | . 3 . Classes Destroyed 8 | 2 6 . Worker 1 | . 1 . Tunneler 3 | 3 . . Hauler 2 | . 2 . Recycler 1 | 1 . . Watcher 2 | . 2 . Swarmer 9 | . 9 . Grunt 6 | . 6 . Subdweller 2 | . 1 1 Best Kill Streak 5 | 4 5 1 Combat Bots Only 5 | . 5 1 Max Kills in Single Turn 1 | 1 1 1 Gunslinging . | . . . Exploded . | . . . Melee . | . . . Uniques/NPCs Destroyed . | . . . Combat | -11 -10 -10 -------- Run | Yrd Mat Sub Hostile Shots Fired 115 | . 97 18 Missed 27 | . 20 7 Hits 88 | . 77 11 Projectile 88 | . 77 11 Critical Strikes 1 | . . 1 Damage Taken 1047 | . 812 235 Core 269 | . 175 94 Absorbed by Shields . | . . . Core Remaining (%) 100 | 100 . . Volleys Fired 98 | 7 77 14 Largest 2 | 2 2 2 Hottest 80 | 40 80 55 Shots Fired 177 | 14 135 28 Gun 156 | 14 114 28 Cannon 21 | . 21 . Launcher . | . . . Special . | . . . Kinetic 156 | 14 114 28 Thermal 21 | . 21 . Explosive . | . . . Electromagnetic . | . . . Robot Hit Streak 14 | 6 8 14 Robot Miss Streak 9 | 2 9 2 Penetration Max . | . . . Secondary Targets 3 | . 3 . Max Gunslinging Chain 1 | . 1 . Shots Hit Robots 102 | 10 72 20 Core Hits 41 | 5 31 5 Critical Kills . | . . . Critical Parts Destroyed 1 | . 1 . Critical Strikes 1 | . 1 . Destroy 1 | . 1 . Melee Attacks . | . . . Impact . | . . . Slashing . | . . . Piercing . | . . . Sneak Attacks . | . . . Combat Hostiles . | . . . Follow-up Attacks . | . . . Damage Inflicted 1242 | 126 943 173 Guns 1084 | 126 785 173 Cannons 158 | . 158 . Explosions . | . . . Melee . | . . . Ramming . | . . . Kinetic 1084 | 126 785 173 Thermal 158 | . 158 . Explosive . | . . . Electromagnetic . | . . . Impact . | . . . Slashing . | . . . Piercing . | . . . Highest Corruption . | . . . Average Corruption . | . . . Corruption Purged . | . . . Corruption Blocked . | . . . Overload Shots . | . . . Overflow Damage . | . . . Projectiles . | . . . Explosions . | . . . Melee . | . . . Knockbacks . | . . . Impact . | . . . Kinetic . | . . . Secondary . | . . . Self-Inflicted Damage . | . . . Shots . | . . . Rammed . | . . . Targets Rammed . | . . . Kicked . | . . . Crushed . | . . . Highest Temperature 224 | 6 224 . Average Temperature 67 | 6 68 . Received Heat Transfer 255 | . 249 6 Effects 2 | . 2 . Interference 2 | . 2 . Siege Activations . | . . . Martial Activations . | . . . Shielding Activations . | . . . Robots Disrupted . | . . . Combat Hostiles . | . . . Robots Corrupted . | . . . Combat Hostiles . | . . . Parts Fried . | . . . Impact Corruptions . | . . . Robots Melted . | . . . Combat Hostiles . | . . . Parts Melted . | . . . Heat Transferred 333 | . 333 . Parts Sabotaged . | . . . Parts Stolen . | . . . Parts Stripped . | . . . Power Chain Reactions . | . . . Alert | -11 -10 -10 ------- Run | Yrd Mat Sub Maximum Alert Level . | . . . Low Security (%) 100 | 100 100 . Level 1 . | . . . Level 2 . | . . . Level 3 . | . . . Level 4 . | . . . Level 5 . | . . . High Security . | . . . Max Security . | . . . Peak Influence 105 | 15 105 . Initial 3 | . 3 . Average 29 | 2 31 . Influence Increases 455 | 20 435 . Destroy 0b10 Robot/C 300 | . 300 . Destroy 0b10 Robot/NC 45 | 20 25 . Destroy Leader 68 | . 68 . Successful Hack 10 | . 10 . Destroy Structure 2 | . 2 . Lose Combat Pursuer 30 | . 30 . Influence Decreases 455 | 15 440 . Entered New Map 2 | . 2 . Time Decay 382 | 15 367 . Lost Part 50 | . 50 . Purge Threat 21 | . 21 . Squads Dispatched 2 | . 2 . Investigation 1 | . 1 . Extermination . | . . . Reinforcement 1 | . 1 . Assault . | . . . Garrison . | . . . Intercept . | . . . Searches Triggered . | . . . Construction Impeded . | . . . Haulers Reinforced . | . . . Active Scanning Responses . | . . . Cargo Convoy Interrupts . | . . . Stealth | -11 -10 -10 --------- Run | Yrd Mat Sub Distress Signals . | . . . Communications Jammed . | . . . Distress Signals . | . . . Times Spotted 26 | . 24 2 Peak Tracking Total 4 | . 4 1 Tactical Retreats 2 | . 2 . Traps | -11 -10 -10 ------- Run | Yrd Mat Sub Traps Triggered . | . . . Indirectly . | . . . Trap Hack Attempts . | . . . Triggered . | . . . Disarmed . | . . . Reprogrammed . | . . . Reused . | . . . Traps Extracted . | . . . Installed . | . . . Triggered . | . . . Machines | -11 -10 -10 ---------- Run | Yrd Mat Sub Machines Disabled 1 | . 1 . Max in Single Turn 1 | . 1 . Machines Repaired . | . . . Machines Dismantled . | . . . Machines Sabotaged . | . . . Overloaded Fab Kills . | . . . Hacking | -11 -10 -10 --------- Run | Yrd Mat Sub Machines Accessed 7 | . 7 . Terminals 5 | . 5 . Fabricators . | . . . Repair Stations . | . . . Recycling Units 2 | . 2 . Scanalyzers . | . . . Garrison Access . | . . . Total Hacks 17 | . 17 . Successful 8 | . 8 . Failed 9 | . 9 . Catastrophic 1 | . 1 . Database Lockouts . | . . . Manual . | . . . Terminals 14 | . 14 . Fabricators . | . . . Repair Stations . | . . . Recycling Units 3 | . 3 . Scanalyzers . | . . . Garrison Access . | . . . Terminal Hacks 5 | . 5 . Robot Analysis 1 | . 1 . Unreport Threat 1 | . 1 . Locate Traps 1 | . 1 . Hauler Manifests 1 | . 1 . Zone Layout 1 | . 1 . Fabricator Hacks . | . . . Repair Station Hacks . | . . . Recycling Unit Hacks 3 | . 3 . Report Inventory 2 | . 2 . Retrieve Components 1 | . 1 . Scanalyzer . | . . . Garrison Access Hacks . | . . . Unauthorized Hacks . | . . . Terminals . | . . . Fabricators . | . . . Repair Stations . | . . . Recycling Units . | . . . Scanalyzers . | . . . Garrison Access . | . . . Data Cores Recovered . | . . . Used . | . . . Hacking Detections 4 | . 4 . Full Trace Events 1 | . 1 . Feedback Events . | . . . Feedback Blocked . | . . . Robot Schematics Acquired . | . . . Robots Built . | . . . Authchips . | . . . Time . | . . . Total Robot Build Rating . | . . . Part Schematics Acquired . | . . . Parts Built . | . . . Authchips . | . . . Time . | . . . Total Part Build Rating . | . . . Parts Repaired . | . . . Time . | . . . Parts Recycled . | . . . Recycled Matter . | . . . Retrieved Matter . | . . . Retrieved Components 9 | . 9 . Parts Scanalyzed . | . . . Part Schematics Acquired . | . . . Parts Damaged . | . . . Bothacking | -11 -10 -10 ------------ Run | Yrd Mat Sub Used RIF Installer . | . . . Robots Hacked . | . . . Non-combat . | . . . Combat . | . . . Robot Hacks Applied . | . . . Relay Couplers Released . | . . . Fabnet Peak Effective % . | . . . Robots Rewired . | . . . Allies Hacked . | . . . Hacks Repelled . | . . . Allies | -11 -10 -10 -------- Run | Yrd Mat Sub Total Allies . | . . . Largest Group . | . . . Highest-Rated Group . | . . . Highest-Rated Ally . | . . . Total Orders . | . . . Ally Attacks . | . . . Total Damage . | . . . Kills . | . . . Allies Corrupted . | . . . Allies Melted . | . . . Intel | -11 -10 -10 ------- Run | Yrd Mat Sub Active Infowar (turns) 752 | 6 746 . Seismic 752 | 6 746 . Robot Analysis Total 1 | . 1 . Derelict Logs Recovered 2 | . . 2 Drone Launches . | . . . Drone Recoveries . | . . . Exploration | -11 -10 -10 ------------- Run | Yrd Mat Sub Turns Passed 1388 | 86 1104 198 Spaces Moved 1069 | 54 890 125 Core 20 | 20 . . Treads . | . . . Legs 52 | 11 . 41 Wheels 997 | 23 890 84 Hover . | . . . Flight . | . . . Fastest Speed 50 | 50 80 100 Average Speed 94 | 77 93 106 Slowest Speed 120 | 120 100 120 Overloaded Moves . | . . . Propulsion Burnouts . | . . . Robots Hopped . | . . . Potential Cave-ins . | . . . Cave-ins Triggered . | . . . Exploration Rate (%) 38 | 4 99 11 Regions Visited 2 Branch Regions 1 Pre-discovered Areas . | . . . Known Exits Taken . | . . . Unknown Exits Taken 2 | 1 1 . Scrap Searched . | . . . Spaces Dug . | . . . Terrain Destroyed . | . . . Melee . | . . . Projectile . | . . . AOE . | . . . Terrain Rammed . | . . . Walls Destroyed . | . . . Machines Disabled . | . . . Actions | -11 -10 -10 --------- Run | Yrd Mat Sub Total 1281 | 84 1028 169 Wait 49 | . 30 19 Move 1067 | 53 889 125 Hop . | . . . Pick Up 28 | 13 13 2 Fast Attach 1 | . 1 . Attach 12 | 7 4 1 Detach . | . . . Swap 13 | 2 7 4 Drop 13 | 2 7 4 Fire 98 | 7 77 14 Melee . | . . . Ram . | . . . Kick . | . . . Crush . | . . . Escape Stasis . | . . . Rewire . | . . . Trap . | . . . Miscellaneous . | . . . Route ------- -11/Scrapyard -10/Materials (discovered 6 exits: [*Mat x3] / [*Min x2] / [*Sub]) -10/Subcaves History --------- Turn | Location | Event 6 | -11/Scrapyard | Discovered new exit (range 14) 87 | -11/Scrapyard | Entered Materials 228 | -10/Materials | Discovered new exit (range 14) 262 | -10/Materials | Discovered new exit (range 13) 300 | -10/Materials | Build established: Mutant 525 | -10/Materials | Discovered new exit (range 6) 587 | -10/Materials | Derelicts attacked the area 599 | -10/Materials | Core integrity fell below 50% 663 | -10/Materials | Discovered new exit (range 16) 1045 | -10/Materials | Discovered new exit (range 5) 1109 | -10/Materials | Discovered new exit (range 15) 1191 | -10/Materials | Entered Subcaves 1192 | -10/Subcaves | Approached by a straggling Scientist 1315 | -10/Subcaves | Core integrity fell below 20% 1338 | -10/Subcaves | A swath of the cavern ceiling suddenly collapsed 1369 | -10/Subcaves | Learned location of 1 exit from Materials 1389 | -10/Subcaves | Destroyed by FN-VDZ(R) with Subdweller Laser Last Messages --------------- 01298_ Ion Engine destroyed. 01326_ 3V-N2I(R) destroyed. 01328_ Subatomizers dissect the Sub. Power Source. 01332_ Dropped Com. Wheel. 01338_ XY-Y7Y(c) crushed by falling debris. 01338_ XY-Y7Y(c) system corrupted by crushing effect. 01338_ Scrap Shield Fragment crushed. 01338_ Com. Wheel crushed. A swath of the cavern ceiling suddenly collapses. 01338_ XY-Y7Y(c) system terminally corrupted. 01338_ Acquired Sub. Machine Gun. 01339_ Acquired 49 matter. 01341_ Acquired Battle Rifle. 01361_ Subatomizers dissect the Com. Wheel. 01369_ Acquired derelict log, extracted data. Data stored: Materials exits (x1). 01373_ Dropped Lgt. Assault Rifle. Map ----- +----------------------------------------------------+ | ?????????????????????????????????# ## ## | | ???????????????????????????? ## ## | | ???????????????????????????? | | ???????????????????????????? | | ?????????????????????????????# ## | | ??????????????????????????????### ??# # | | ????????????????????????????????# ??## ### | | ????????????????????????????????## ????# ##?? | | ?????????????????????????????????## #?????# ###??# | | ???????????????????#????? ????????#?##????### #?# | | ???????????????? ## ??# #####????## ???###""#?# | | ?????????????? ??? #??## ???#""#"## | | ??????????????? ???# ### #####="#"# | | ???????????????? ????# ##"##"## | | ???????????????? ????# ""# #"" | | ????????????????? ???## ### #### | | ?????????????????# ??## "###?## | | ??????????????????# #?# #### ##????? | | ??????????????????# ## #### *##?????? | | ??????????????????# #?## ### #??????? | | ??????????????????# ####???## #??????? | | ???????????????????# ###### ##??????? | | ????????????????????# # #[# ##???????? | | ????????????????????# R"""" [ ###????????? | | ????????????????????#"" ##??????????? | | ????????????????????# ##@ # ### ###???????????? | | ???????????????????# ?#######?####?????????????? | | ???????????????????## ??????????????????????????? | | ???????????????????? ??????????????????????????? | | ???????????????????## ???????????????????????????? | | ???????????????????? "???????????????????????????? | | ???????????????????? "???????????????????????????? | | ???????????????????# ???????????????????????????? | | ???????????????????# ????????????????????????????? | | ???????????????????# ????????????????????????????? | | ???????????????????#?????????????????????????????? | | ?????????????????????????????????????????????????? | | ?????????????????????????????????????????????????? | | ?????????????????????????????????????????????????? | | ?????????????????????????????????????????????????? | | ?????????????????????????????????????????????????? | | ?????????????????????????????????????????????????? | | ?????????????????????????????????????????????????? | | ?????????????????????????????????????????????????? | | ?????????????????????????????????????????????????? | | ?????????????????????????????????????????????????? | | ?????????????????????????????????????????????????? | | ?????????????????????????????????????????????????? | | ?????????????????????????????????????????????????? | | ?????????????????????????????????????????????????? | +----------------------------------------------------+ Best States ------------- Heat Dissipation 25 Energy Generation 10 Energy Capacity 250 Matter Stores 300 Matter Capacity 300 Sight Range 16 Terrain Scan Density 10 Evasion (%) 50 Targeting Accuracy 5 Item Schematics ----------------- None Robot Schematics ------------------ None Fabricated ------------ Nothing Repaired ---------- Nothing Alien Tech Used ----------------- None Achievements -------------- None Challenges ------------ None Game ------ Seed MissilePiercingShield Manual? 0 Play Time 00:13:59 Cumulative 15.5 hours Start 2025.09.24 @ 21:53:50 End 2025.09.24 @ 22:07:46 Sessions 1 Manual Loads 0 Difficulty Rogue Special Mode None Game No. 47 Rogue 47 Adventurer 0 Explorer 0 Win Type - Total 0 Types 0/0/0/0/0/0/0/0/0/0 Lore% 25 Gallery% 16 Achievement% 18 Wizard Run 0 Options --------- Layout 2 ASCII 0 Keyboard 0 Movement Mouse Keybinds 0 Fullscreen 1 Font 24/Smallcaps Map View 50x44 Zoom Use 0% Tactical HUD 1 Map Filters NONE Filters NONE Steam 1 RUN: 7fc422a2-9e0d-434e-9257-59c1e1f02526